 Dungeon Crawl Stone Soup version 0.22-a0-93-g6b88ebb (webtiles) character file.

3183 mortelune the Frost Mage (level 9, -2/69 HPs)
             Began as a Barachi Ice Elementalist on Jan 24, 2018.
             Was a Follower of Cheibriados.
             Slain by a centaur
             ... wielding a +1 falchion of protection
              (15 damage)
             ... on level 8 of the Dungeon.
             The game lasted 00:57:36 (16982 turns).

mortelune the Frost Mage (BaIE)                    Turns: 16982, Time: 00:57:36

Health: -2/69      AC:  6    Str: 12    XL:     9   Next: 95%
Magic:  1/18       EV: 12    Int: 21    God:    Cheibriados [*.....]
Gold:   270        SH:  7    Dex: 14    Spells: 5/21 levels left

rFire    . . .     SeeInvis .   y - +0 whip (flame)
rCold    + . .     Gourm    .   F - +2 buckler {rC+}
rNeg     + . .     Faith    .   a - +0 robe
rPois    .         Spirit   .   (no helmet)
rElec    .         Reflect  .   (no cloak)
rCorr    .         Harm     .   x - +0 pair of gloves
MR       .....                  (no boots)
Stlth    ++........             n - amulet of rage
HPRegen  0.21/turn              v - ring of positive energy
MPRegen  0.16/turn              E - +3 ring of protection

@: can't hop, studying Shields, very slow
A: +LOS, swims, slowness 1, strong legs 1
a: Hop, Bend Time, Renounce Religion, Evoke Berserk Rage


You were on level 8 of the Dungeon.
You worshipped Cheibriados.
Cheibriados was aware of your devotion.
You were not hungry.

You visited 2 branches of the dungeon, and saw 9 of its levels.
You also visited: Bailey.

You collected 406 gold pieces.
You spent 136 gold pieces at shops.

Inventory:

Hand Weapons
 e - a +0 dagger
 q - a +0 mace
 y - a +0 whip of flaming (weapon)
 C - the +2 bardiche "Quna" {freeze, rC+}
   (You found it in a bailey)

   It has been specially enchanted to freeze those struck by it, causing extra
   injury to most foes and up to half again as much damage against particularly
   susceptible opponents.
   It can also slow down cold-blooded creatures.
   It protects you from cold.
Armour
 a - a +0 robe (worn)
 x - a +0 pair of gloves (worn)
 F - a +2 buckler of cold resistance (worn)
Magical Staves
 B - an uncursed staff of wizardry
Jewellery
 f - an uncursed ring of resist corrosion
 m - an uncursed ring of flight
 n - an amulet of rage (around neck)
 v - a ring of positive energy (left hand)
 E - a +3 ring of protection (right hand)
 H - a cursed amulet of inaccuracy
Wands
 u - a wand of enslavement (12)
Scrolls
 d - a scroll of enchant armour {unknown}
 g - 2 scrolls of remove curse
 h - 2 scrolls of blinking
 i - a scroll of noise {unknown}
 j - 4 scrolls of magic mapping
 l - a scroll of enchant weapon {unknown}
 o - 2 scrolls of fog
 t - a scroll of amnesia
 z - 2 scrolls of fear
 J - a scroll of silence {unknown}
 M - 2 scrolls of identify
Potions
 k - 2 potions of agility
 p - a potion of cancellation
 r - 3 potions of haste
 w - a potion of lignification
 G - a potion of degeneration
 K - a potion of brilliance
 L - 2 potions of curing
Books
 b - a book of Frost

   Spells                             Type                      Level
   a - Freeze                         Ice                          1
   b - Throw Frost                    Conjuration/Ice              2
   c - Ozocubu's Armour               Charms/Ice                   3
   d - Throw Icicle                   Conjuration/Ice              4
   e - Summon Ice Beast               Ice/Summoning                4
 A - the Catalogue of Venom and Cold
   (You found it on level 4 of the Dungeon)

   Spells                             Type                      Level
   a - Freeze                         Ice                          1
   b - Ensorcelled Hibernation        Hexes/Ice                    2
   c - Ignite Poison                  Fire/Transmutation/Poison    3
   d - Simulacrum                     Ice/Necromancy               6
   e - Ozocubu's Refrigeration        Ice                          6
 D - a manual of Shields
 I - a Young Poisoner's Handbook

   Spells                             Type                      Level
   a - Sting                          Conjuration/Poison           1
   b - Poisonous Vapours              Poison/Air                   2
   c - Mephitic Cloud                 Conjuration/Poison/Air       3
   d - Olgreb's Toxic Radiance        Poison                       4
   e - Venom Bolt                     Conjuration/Poison           5
 N - a book of Changes

   Spells                             Type                      Level
   a - Beastly Appendage              Transmutation                1
   b - Sticks to Snakes               Transmutation                2
   c - Spider Form                    Transmutation/Poison         3
   d - Ice Form                       Ice/Transmutation            4
   e - Blade Hands                    Transmutation                5
Comestibles
 c - 6 rations
 O - 7 chunks of flesh


   Skills:
 + Level 5.8 Fighting
 - Level 2.1 Dodging
 - Level 1.7 Stealth
 - Level 4.0 Shields
 + Level 6.6 Spellcasting
 * Level 8.2 Conjurations
 + Level 4.9 Summonings
 + Level 8.2 Ice Magic


You had 5 spell levels left.
You knew the following spells:

 Your Spells              Type           Power        Failure   Level  Hunger
a - Freeze                Ice            ####         1%          1    None
b - Throw Frost           Conj/Ice       #####.       1%          2    None
c - Summon Ice Beast      Ice/Summ       ####....     6%          4    ###....
d - Throw Icicle          Conj/Ice       #####...     3%          4    ###....
e - Ensorcelled Hibernat  Hex/Ice        ###...       2%          2    None
z - Ozocubu's Armour      Chrm/Ice       ###.....     4%          3    #......


Dungeon Overview and Level Annotations

Branches:
Dungeon (8/15)             Temple (1/1) D:5
   Lair: D:8-11

Altars:
Ashenzari
Cheibriados
Dithmenos
Elyvilon
Gozag
Hepliaklqana
Kikubaaqudgha
Makhleb
Nemelex Xobeh
Okawaru
Qazlal
Ru
Sif Muna
Trog
Uskayaw
Vehumet
Wu Jian
Xom
Yredelemnul
Zin
The Shining One
Jiyva

Shops:
D:4 ?   D:5 :   D:6 :


Innate Abilities, Weirdness & Mutations

Shadows flee at your approach. (+LOS)
You can swim through water.
You cover ground slowly.
You can hop short distances.


Message History

Casting: Freeze
Confirm with . or Enter, or press ? or * to list all spells.
Aiming: Freeze
Press: ? - help, Shift-Dir - straight line, f/p - centaur
Aim: a centaur, wielding a falchion of protection, wearing a robe and wearing a runed brass ring (heavily wounded)
You freeze the centaur.
The centaur is severely wounded.
The centaur hits you with a falchion of protection.
* * * LOW HITPOINT WARNING * * *
You block the centaur's attack.
You barely miss the centaur.
The centaur is severely wounded.
You block the centaur's attack.
You barely miss the centaur.
The centaur is severely wounded.
The centaur barely misses you.
You hit the centaur but do no damage.
The centaur is severely wounded.
The centaur hits you with a falchion of protection!
You die... ........# ... ##. ######...... #..# #'# #.#.... ...# #.yyy

#.#.#.# #..#
##.y: ..#
#..' .|#:
#..# #.: .
#..# #}. .
#.c## ### #
######..@##
#.........#
...#####.#..#
#)...# ###..#
#..# ...#
.#.# . .#


You could see a centaur.

Vanquished Creatures
  A yak (D:7)
  An ice beast (D:8)
  A black bear (D:7)
  2 ogres (D:8)
  4 orc warriors (Bailey)
  A phantom (D:6)
  3 centaurs
  A bullfrog (D:6)
  A scorpion (D:8)
  A howler monkey (D:7)
  3 wights (D:7)
  6 crimson imps
  A centaur zombie (D:6)
  4 hounds
  A bullfrog zombie (D:7)
  3 orc priests
  3 orc wizards
  2 bullfrog skeletons (D:6)
  2 iguanas
  2 worker ants (D:4)
  A hound skeleton (D:4)
  3 gnolls (D:4)
  A howler monkey skeleton (D:6)
  13 adders
  3 shadow imps
  An ooze (D:1)
  3 worms
  3 dart slugs
  6 leopard geckos
  35 orcs
  8 bats
  6 giant cockroaches
  14 goblins
  6 hobgoblins
  13 jackals
  3 quokkas
  3 frilled lizards
  5 kobolds
  A leopard gecko skeleton (D:4)
  12 rats
183 creatures vanquished.

Vanquished Creatures (collateral kills)
  An efreet (D:8)
  The ghost of Ripsaw the Conjurer, an amateur DEFE (D:5)
  2 orc warriors (Bailey)
  An ice beast (D:6)
  A big kobold (D:8)
  A killer bee (D:8)
  2 wights (D:7)
  A bullfrog skeleton (D:8)
  A bullfrog zombie (D:7)
  2 iguanas
  A worker ant (D:6)
  An adder skeleton (D:7)
  5 orcs (Bailey)
  4 kobolds (D:8)
  A jackal skeleton (D:5)
25 creatures vanquished.

Vanquished Creatures (others)
  An orc (D:8)
  A jackal (D:1)
  A quokka (D:7)
3 creatures vanquished.

Grand Total: 211 creatures vanquished

Notes
Turn   | Place    | Note
-------+----------+-------------------------------------------
     0 | D:1      | mortelune the Barachi Ice Elementalist began the quest for the Orb.
     0 | D:1      | Reached XP level 1. HP: 13/13 MP: 3/3
   110 | D:1      | Reached XP level 2. HP: 17/19 MP: 2/5
   418 | D:1      | Learned a level 2 spell: Throw Frost
   731 | D:1      | Reached XP level 3. HP: 19/24 MP: 0/7
  1777 | D:2      | Reached XP level 4. HP: 30/30 MP: 0/9
  2036 | D:2      | Reached skill level 5 in Ice Magic
  2285 | D:2      | Learned a level 3 spell: Ozocubu's Armour
  2668 | D:2      | Reached XP level 5. HP: 30/35 MP: 7/10
  3095 | D:2      | Learned a level 4 spell: Throw Icicle
  3342 | D:2      | Found a glowing golden altar of the Shining One.
  3470 | D:3      | Found a hazy altar of Hepliaklqana.
  3473 | D:3      | Found a shattered altar of Ashenzari.
  3476 | D:3      | Found a sparkling altar of Nemelex Xobeh.
  4576 | D:4      | Found a shimmering altar of Xom.
  4577 | D:4      | Found a shimmering altar of Xom.
  4597 | D:4      | Found a shimmering altar of Xom.
  4606 | D:4      | Found Osaps's Magic Scroll Shop.
  4619 | D:4      | Bought a scroll of teleportation for 39 gold pieces
  4619 | D:4      | Bought a scroll of blinking for 97 gold pieces
  4755 | D:4      | Reached XP level 6. HP: 42/42 MP: 3/12
  4839 | D:4      | Reached skill level 1 in Fighting
  5917 | D:4      | Identified the Catalogue of Venom and Cold
  5981 | D:4      | Learned a level 4 spell: Summon Ice Beast
  6580 | D:5      | Entered Level 5 of the Dungeon
  6580 | D:5      | Found Vuemedeh's Book Shoppe.
  6938 | D:5      | Noticed Ripsaw's ghost (amateur DEFE)
  6944 | D:5      | Killed Ripsaw's ghost
  6944 | D:5      | Reached XP level 7. HP: 43/50 MP: 2/14
  7557 | D:5      | Found a staircase to the Ecumenical Temple.
  7567 | Temple   | Entered the Ecumenical Temple
  8270 | D:6      | Found a hide-covered altar of Uskayaw.
  8465 | D:6      | Found a bloodstained altar of Trog.
  8489 | D:6      | Found Epegu's Book Emporium.
  8553 | D:6      | Reached skill level 5 in Spellcasting
  8761 | D:6      | Reached skill level 1 in Summonings
  8911 | D:6      | Reached skill level 5 in Conjurations
  8911 | D:6      | Reached XP level 8. HP: 56/58 MP: 6/15
 10003 | D:6      | Found an opulent altar of Gozag.
 10148 | D:7      | Found a radiant altar of Vehumet.
 10164 | D:7      | Found a flagged portal.
 10280 | Bailey   | Entered a bailey
 12921 | Bailey   | Got a twisted bardiche
 12923 | Bailey   | Noticed an orc knight
 13386 | Bailey   | Reached XP level 9. HP: 66/66 MP: 0/17
 13494 | Bailey   | Identified the +2 bardiche "Quna" {freeze, rC+} (You found it in a bailey)
 13499 | Bailey   | Learned a level 2 spell: Ensorcelled Hibernation
 14042 | D:7      | Identified a scroll of acquirement
 14113 | D:7      | Reached skill level 1 in Shields
 15052 | D:7      | Reached skill level 5 in Fighting
 15274 | D:7      | Found a white marble altar of Elyvilon.
 15463 | D:7      | Found a snail-covered altar of Cheibriados.
 15469 | D:7      | Became a worshipper of Cheibriados the Contemplative
 16108 | D:8      | Found an ornate altar of the Wu Jian Council.
 16122 | D:8      | Reached * piety under Cheibriados
 16123 | D:8      | Noticed an efreet
 16129 | D:8      | Killed an efreet
 16982 | D:8      | Slain by a centaur

Vault maps used:
D:1:      mrwooster_arrival_statue_2, minmay_rat_gold_closets
D:2:      chequers_big_river, tso_altar
D:3:      grunt_temple_overflow_diamond, first_ration
D:4:      xom_redecorated, serial_shops, shop
D:5:      minmay_temple_entry_poolview, serial_shops, shop
D:6:      overflow_temple_1_default, overflow_temple_1_default,
          lemuel_round_altar, serial_shops, shop
D:7:      elyvilon_altar_4, kennysheep_little_box,
          nicolae_overflow_crystal_walls, enter_bailey_3
D:8:      minmay_the_grid_octo_tiled_squarecenter, old_standard_altar,
          uniq_maurice
Temple:   pf_slimified_temple
Bailey:   bailey_polearm_2, bailey

Skill      XL: |  1  2  3  4  5  6  7  8  9 |
---------------+----------------------------+-----
Ice Magic      | 4 5 6 7 8 |  8.2
Spellcasting   | 3 4 5 6 |  6.6
Conjurations   | 2 3 5 6 8 |  8.2
Fighting       | 2 3 4 5 |  5.8
Summonings     | 1 3 4 |  4.9
Shields        | 4 |  4.0
Dodging        | |  2.1
Stealth        | |  1.7

Action                   |  1- 3 |  4- 6 |  7- 9 || total
-------------------------+-------+-------+-------++-------
Melee: Unarmed           |     6 |       |       ||     6
       Dagger            |    27 |     1 |       ||    28
       Mace              |       |     9 |       ||     9
       Whip              |       |     4 |    48 ||    52
       Staff             |       |     2 |    60 ||    62
 Cast: Freeze            |    49 |    76 |    85 ||   210
       Throw Frost       |    10 |    59 |    82 ||   151
       Ozocubu's Armour  |       |     2 |    12 ||    14
       Throw Icicle      |       |    10 |    90 ||   100
       Summon Ice Beast  |       |     2 |    47 ||    49
       Ensorcelled Hiber |       |       |     2 ||     2
 Abil: Hop               |     1 |       |     8 ||     9
Evoke: Wand              |       |       |     3 ||     3
  Use: Scroll            |       |     4 |    13 ||    17
       Potion            |       |       |     4 ||     4
 Stab: Distracted        |       |       |     1 ||     1
  Eat: Chunk             |     4 |    20 |    13 ||    37
       Ration            |       |       |    12 ||    12
Armor: Robe              |    11 |    17 |    73 ||   101
Dodge: Dodged            |    47 |    55 |   195 ||   297
Block: Buckler           |       |       |    40 ||    40

Table legend:
 A = Spawn XP
 B = Non-spawn XP
 C = Spawn XP percentage of total XP
 D = Spawn monster count
 E = Non-spawn monster count
 F = Spawn count percentage of total count
 G = Total turns spent on level
                    A         B        C        D         E        F      G
               +---------+---------+-------+---------+---------+-------+---------
         Total |       0 |    4548 |   0.0 |       0 |     209 |   0.0 | 16982
               +---------+---------+-------+---------+---------+-------+---------
           D:1 |       0 |      67 |   0.0 |       0 |      37 |   0.0 |  1615
           D:2 |       0 |     115 |   0.0 |       0 |      25 |   0.0 |  1965
           D:3 |       0 |      74 |   0.0 |       0 |      14 |   0.0 |   971
           D:4 |       0 |     317 |   0.0 |       0 |      25 |   0.0 |  2029
           D:5 |       0 |     268 |   0.0 |       0 |       9 |   0.0 |  1708
           D:6 |       0 |     760 |   0.0 |       0 |      20 |   0.0 |  2021
           D:7 |       0 |     947 |   0.0 |       0 |      26 |   0.0 |  1729
           D:8 |       0 |    1238 |   0.0 |       0 |      28 |   0.0 |   939
        Bailey |       0 |     762 |   0.0 |       0 |      25 |   0.0 |  3761
               +---------+---------+-------+---------+---------+-------+---------
